 Dungeon Crawl Stone Soup version 0.27.1-3-gb3d3a73c9e (webtiles) character file.

Game seed: 18127356662042113329

68098 MisterFreud the Warrior (level 14, -3/135 HPs)
             Began as a Minotaur Abyssal Knight on Oct 13, 2021.
             Was the Champion of Lugonu.
             Slain by a vault guard (11 damage)
             ... on level 14 of the Dungeon.
             The game lasted 00:27:21 (22968 turns).

MisterFreud the Warrior (Minotaur Abyssal Knight)  Turns: 22968, Time: 00:27:21

Health: -3/135     AC:  0    Str: 20    XL:     14   Next: 85%
Magic:  23/23      EV: 14    Int:  9    God:    Lugonu [******]
Gold:   1288       SH:  0    Dex: 12    Spells: 13/13 levels left

rFire    . . .     SeeInvis .   (weapon currently unavailable)
rCold    . . .     Faith    .   (shield currently unavailable)
rNeg     . . .     Spirit   .   (armour currently unavailable)
rPois    .         Reflect  .   (helmet currently unavailable)
rElec    .         Harm     .   (cloak currently unavailable)
rCorr    .         Rampage  .   (gloves currently unavailable)
Will     +....                  (boots currently unavailable)
Stlth    +.........             J - amulet of regeneration
HPRegen  1.32/turn              (ring currently unavailable)
MPRegen  0.18/turn              (ring currently unavailable)

@: pig-form, very quick
A: fast, no casting, small, (horns 2), (retaliatory headbutt)
a: Renounce Religion, Depart the Abyss, Bend Space, Banish, Corrupt, Enter the
Abyss, Brand Weapon With Distortion


You were on level 14 of the Dungeon.
You worshipped Lugonu.
Lugonu was exalted by your worship.
You were a filthy swine.
You visited 2 branches of the dungeon, and saw 20 of its levels.
You visited the Abyss 1 time.
You also visited: Ice Cave.

You collected 1288 gold pieces.

Inventory:

Hand Weapons
 a - a +1 falchion
 f - a +3 dagger of electrocution (melded)
 h - a +0 morningstar
 X - the +4 broad axe of the Wraith {freeze, Will+ Dex+4}
   (You found it on level 6 of the Lair of Beasts)

   It freezes those it strikes, dealing additional cold damage.
   It can also slow down cold-blooded creatures.
   Dex:       It affects your dexterity (+4).
   Will:      It increases your willpower.
Missiles
 n - 42 poisoned darts (quivered)
 x - 18 boomerangs
 L - 6 curare-tipped darts
 Q - 5 javelins
 S - 5 silver javelins
Armour
 y - a +2 buckler of protection (melded)
 I - the +6 chain mail "Piptosy" (melded) {rPois Dex+3}
   (You found it on level 10 of the Dungeon)

   Dex:       It affects your dexterity (+3).
   rPois:     It protects you from poison.
 K - a +1 hat (melded)
 Z - a +1 pair of gloves (melded)
Jewellery
 b - a ring of protection from cold
 r - a +4 ring of slaying (melded)
 F - a +4 ring of slaying (melded)
 J - an amulet of regeneration (around neck)
 O - a ring of poison resistance
Wands
 B - a wand of flame (35)
 H - a wand of iceblast (24)
 U - a wand of mindburst (8)
Scrolls
 d - 2 scrolls of immolation
 g - 2 scrolls of summoning
 l - 4 scrolls of enchant weapon
 m - 2 scrolls of vulnerability
 p - 3 scrolls of amnesia
 s - a scroll of blinking
 v - 7 scrolls of magic mapping
 z - 3 scrolls of torment
 C - a scroll of brand weapon
 D - 4 scrolls of teleportation
 T - 2 scrolls of fear
 V - a scroll of holy word
 Y - 3 scrolls of identify
Potions
 c - a potion of resistance
 e - a potion of haste
 i - 5 potions of invisibility
 j - 4 potions of degeneration
 k - 3 potions of ambrosia
 o - 5 potions of flight
 q - 5 potions of brilliance
 w - 3 potions of magic
 A - 7 potions of curing
 E - 3 potions of attraction
 M - a potion of lignification
 N - 4 potions of might
 R - a potion of heal wounds
 W - a potion of cancellation
Miscellaneous
 P - a phantom mirror


   Skills:
 - Level 15.0 Fighting
 - Level 9.8(10.0) Short Blades
 - Level 2.4(7.2) Long Blades
 - Level 15.0 Armour
 - Level 1.1 Dodging
 - Level 4.0 Shields
 + Level 13.4 Invocations
 - Level 10.0 Evocations


You had 13 spell levels left.
You didn't know any spells.
Your spell library contained the following spells:

 Spells                   Type           Power      Damage    Failure   Level
 Foxfire                  Conj/Fire      0%         2x1d4     38%         1
 Magic Dart               Conj           0%         1d3       38%         1
 Sting                    Tmut/Pois      0%         1d3       38%         1
 Call Imp                 Summ           0%         N/A       52%         2
 Ensorcelled Hibernation  Hex/Ice        0%         N/A       52%         2
 Poisonous Vapours        Pois/Air       0%         N/A       52%         2
 Slow                     Hex            0%         N/A       52%         2
 Confusing Touch          Hex            0%         N/A       77%         3
 Conjure Flame            Conj/Fire      0%         6-21      77%         3
 Inner Flame              Hex/Fire       0%         N/A       77%         3
 Mephitic Cloud           Conj/Pois/Air  0%         N/A       77%         3
 Spider Form              Tmut/Pois      0%         N/A       77%         3
 Vampiric Draining        Necr           0%         2d6       77%         3
 Animate Dead             Necr           0%         N/A       99%         4
 Olgreb's Toxic Radiance  Pois           0%         N/A       99%         4
 Dispersal                Tloc           0%         N/A       100%        6
 Shadow Creatures         Summ           N/A        N/A       100%        6
 Haunt                    Necr/Summ      0%         N/A       100%        7
 Disjunction              Tloc           0%         N/A       100%        8
 Infestation              Necr           0%         N/A       100%        8


Dungeon Overview and Level Annotations

Branches:
Dungeon (14/15)            Temple (0/1) D:4            Lair (6/6) D:9
 Shoals (0/4) Lair:3       Spider (0/4) Lair:2        Slime (0/5) Lair:6
    Orc (0/2) D:10          IceCv (visited)
 Vaults: D:13-14

Altars:
Fedhas
Okawaru
Trog
Uskayaw
Vehumet
Xom
The Shining One
Jiyva

Shops:
D:2 [   D:7 =   D:9 *   D:13 =

Annotations:
D:7 exclusions: ice statue and statue
D:14 Kirke
Lair:2 3 runed translucent doors, diceflayer's ghost, journeyman MiFi; hurston's ghost, journeyman GrFi
Lair:4 3 runed translucent doors, Fifowuza's ghost, journeyman DrTm; Laummuim's ghost, journeyman FeFi; Nubia's ghost, journeyman GnEn; Vufrucs's ghost, journeyman DrTm; othur's ghost, journeyman GrFi
Lair:5 3 runed translucent doors, Kuotac's ghost, journeyman TrBe


Innate Abilities, Weirdness & Mutations

You are a filthy swine.
You move quickly.
Your equipment is almost entirely melded.
You are incapable of wielding weapons or throwing items.
You cannot cast spells.
((You have a pair of horns on your head.))
((You reflexively headbutt those who attack you in melee.))


Message History

The lindwurm breathes flames at you. The blast of flame misses you.
Unknown command.
You bite Kirke!
Kirke is almost dead.
Kirke misses you. The lindwurm completely misses you. The lindwurm claws you!
The lindwurm completely misses you. The vault guard barely misses you.
Unknown command.
You hit Kirke.
Kirke is almost dead.
Kirke casts a spell.
Kirke summons a manticore!
Unknown command.
You hit Kirke.
Kirke is almost dead.
The lindwurm bites you!
* * * LOW HITPOINT WARNING * * *
The lindwurm claws you.
* * * LOW HITPOINT WARNING * * *
The lindwurm misses you. The vault guard barely misses you. Kirke hits you.
* * * LOW HITPOINT WARNING * * *
You hit Kirke.
Kirke is almost dead.
The lindwurm misses you. The lindwurm claws you.
* * * LOW HITPOINT WARNING * * *
The lindwurm barely misses you.
The vault guard hits you with a +2 great sword!
* * * LOW HITPOINT WARNING * * *
Unknown command.
Unknown command.
You feel much better. Kirke gestures at you while chanting.
You struggle to resist.
The lindwurm bites you!
* * * LOW HITPOINT WARNING * * *
The lindwurm claws you.
* * * LOW HITPOINT WARNING * * *
The lindwurm claws you.
* * * LOW HITPOINT WARNING * * *
The vault guard hits you with a +2 great sword!
You die...

.. ##.##.##.# p. #.p#.##.#
##.#.##.# #.p.##.# ##.p##.#
#..##.###########
#..##.....sh....#
####..############.##.#
#......ppppph@kH......#
#####†.....######k#.##.##.#
....†............)#.##.# #
....................##.#
#####.....#.####.[####.#
#.....#.(. ...# ...
#######..###.## #.# ... ..
.#


You could see Kirke, a vault guard, a manticore (summoned), 2 lindwurms and 4
humans.

Vanquished Creatures
  4 dire elephants (Lair:6)
  Josephine (Lair:5)
  4 boulder beetles
  9 hydras
  2 catoblepae
  2 centaur warriors (D:13)
  5 death yaks
  5 two-headed ogres
  Urug (D:12)
  Nergalle (Lair:1)
  Sonja (Lair:4)
  A spectral death yak (Lair:6)
  A spectral anaconda (Lair:6)
  An obsidian statue (Lair:6)
  An orb spider (Lair:2)
  4 necromancers (Lair:6)
  A cyclops (D:11)
  A manticore (D:12)
  A merfolk siren (Lair:3)
  3 black mambas
  18 elephants
  A dire elephant zombie (Lair:6)
  2 gargoyles (D:11)
  An unseen horror (shapeshifter) (D:14)
  2 kobold demonologists (D:11)
  8 cane toads
  11 komodo dragons
  3 ice devils (D:12)
  A rime drake (Lair:6)
  An unseen horror (D:10)
  A hornet (D:9)
  5 trolls
  3 polar bears
  A raiju (shapeshifter) (D:13)
  5 slime creatures
  A spectral elephant (Lair:6)
  6 dream sheep (Lair:5)
  41 yaks
  9 wyverns
  4 wraiths
  5 hogs (D:14)
  A dire elephant simulacrum (Lair:6)
  A steam dragon (Lair:5)
  2 humans
  6 basilisks
  6 vampire mosquitoes (D:13)
  3 death yak simulacra (Lair:6)
  A warg (D:10)
  An acid dragon (D:11)
  15 water moccasins
  4 black bears
  3 orc warriors
  An ice beast (D:8)
  An elephant zombie (Lair:6)
  3 necrophages
  3 ogres
  25 wolves
  5 centaurs
  3 kobold brigands
  3 scorpions
  A two-headed ogre simulacrum (IceCv)
  12 bullfrogs
  2 cane toad simulacra (Lair:6)
  A water moccasin zombie (D:5)
  4 killer bees (D:10)
  7 wights
  An electric eel (Lair:3)
  3 howler monkeys (D:9)
  A bullfrog zombie (D:6)
  9 centaur zombies
  2 jellies
  8 orc priests
  11 orc wizards
  An iguana (D:9)
  A troll simulacrum (IceCv)
  A spriggan simulacrum (IceCv)
  A killer bee zombie (D:8)
  A hound skeleton (D:4)
  7 adders
  7 gnolls
  3 white imps
  2 ufetubi (IceCv)
  A dart slug (D:4)
  A worm (D:2)
  34 orcs
  12 ball pythons
  5 endoplasms
  6 giant cockroaches
  6 hobgoblins
  2 jackals (D:1)
  27 kobolds
  4 quokkas (D:1)
  4 bats
  5 frilled lizards
  14 goblins
  A quokka skeleton (D:4)
  13 rats
486 creatures vanquished.

Vanquished Creatures (others)
  28 fungi
  24 plants
  14 withered plants (Lair:6)
66 creatures vanquished.

Grand Total: 552 creatures vanquished

Notes
Turn   | Place    | Note
-------+----------+-------------------------------------------
     0 | Abyss:1  | MisterFreud the Minotaur Abyssal Knight began the quest for
                  | the Orb.
     0 | Abyss:1  | Reached XP level 1. HP: 19/19 MP: 1/1
    36 | Abyss:1  | Noticed an ancient zyme
    37 | D:1      | Escaped the Abyss
    91 | D:1      | Reached * piety under Lugonu
   253 | D:1      | Reached XP level 2. HP: 28/28 MP: 2/2
   371 | D:1      | Found a faded altar of an unknown god.
   578 | D:1      | Reached skill level 5 in Fighting
   819 | D:1      | Reached XP level 3. HP: 36/36 MP: 3/3
   890 | D:1      | Reached ** piety under Lugonu
  1807 | D:2      | Found Haittij's Armour Shop.
  1864 | D:2      | Reached XP level 4. HP: 38/42 MP: 4/4
  2214 | D:3      | Noticed an ogre
  2218 | D:3      | Killed an ogre
  2219 | D:3      | Reached XP level 5. HP: 34/52 MP: 5/5
  2344 | D:3      | Reached *** piety under Lugonu
  2726 | D:3      | Noticed a black bear
  2734 | D:3      | Killed a black bear
  2735 | D:3      | Reached XP level 6. HP: 40/61 MP: 6/6
  3389 | D:4      | Reached skill level 5 in Armour
  3407 | D:4      | Found a staircase to the Ecumenical Temple.
  3424 | D:4      | Reached XP level 7. HP: 55/68 MP: 7/7
  3782 | D:5      | Entered Level 5 of the Dungeon
  3796 | D:5      | Reached skill level 1 in Short Blades
  4252 | D:5      | Found a shimmering altar of Xom.
  4266 | D:5      | Reached skill level 5 in Short Blades
  4421 | D:5      | Reached XP level 8. HP: 66/74 MP: 8/8
  4536 | D:5      | Found an iron altar of Okawaru.
  5808 | D:6      | Found a blossoming altar of Fedhas.
  5911 | D:7      | Found a radiant altar of Vehumet.
  5978 | D:7      | Reached **** piety under Lugonu
  6117 | D:7      | Noticed a slime creature
  6125 | D:7      | Killed a slime creature
  6128 | D:7      | Noticed a slime creature
  6129 | D:7      | Noticed a slime creature
  6129 | D:7      | Noticed a slime creature
  6129 | D:7      | Noticed a slime creature
  6316 | D:7      | Killed a slime creature
  6317 | D:7      | Reached XP level 9. HP: 66/81 MP: 9/9
  6552 | D:7      | Found Jegro's Jewellery Boutique.
  6679 | D:7      | HP: 3/81 [slime creature (16)]
  7066 | D:7      | Noticed an ice statue
  7796 | D:8      | Reached skill level 5 in Invocations
  8447 | D:9      | Noticed a troll
  8453 | D:9      | Killed a troll
  8468 | D:9      | Found a glowing golden altar of the Shining One.
  8484 | D:9      | Reached XP level 10. HP: 82/88 MP: 13/13
  8866 | D:9      | Reached skill level 10 in Armour
  9173 | D:9      | Found a staircase to the Lair.
  9953 | D:9      | Found Voerugh's Serpentskin Sales.
 10071 | D:9      | Paralysed by a hornet for 3 turns
 10485 | D:10     | Entered Level 10 of the Dungeon
 10533 | D:10     | Identified the +6 chain mail "Piptosy" {rPois Dex+3}
 10592 | D:10     | Found a hide-covered altar of Uskayaw.
 10592 | D:10     | Found a bloodstained altar of Trog.
 10705 | D:10     | Reached skill level 10 in Invocations
 10719 | D:10     | Reached skill level 1 in Evocations
 10733 | D:10     | Found a staircase to the Orcish Mines.
 10981 | D:10     | Reached XP level 11. HP: 75/95 MP: 17/17
 11146 | D:10     | Reached ***** piety under Lugonu
 11688 | D:10     | Noticed a two-headed ogre
 11697 | D:10     | Killed a two-headed ogre
 12140 | D:11     | Noticed a sixfirhy
 12421 | D:11     | Reached skill level 10 in Fighting
 12623 | D:11     | Noticed a boulder beetle
 12641 | D:11     | Killed a boulder beetle
 12642 | D:11     | Reached skill level 5 in Evocations
 12925 | D:11     | Noticed a two-headed ogre
 12934 | D:11     | Killed a two-headed ogre
 13027 | D:11     | Identified the +2 scale mail of Abstinence {rCorr SInv}
 13709 | D:12     | Noticed a two-headed ogre
 13719 | D:12     | Killed a two-headed ogre
 13994 | D:12     | Noticed a boulder beetle
 14016 | D:12     | Killed a boulder beetle
 14017 | D:12     | Reached XP level 12. HP: 94/112 MP: 18/18
 14182 | D:12     | Found a frozen archway.
 14204 | IceCv    | Entered an ice cave
 14743 | D:12     | Noticed Urug
 14752 | D:12     | Killed Urug
 14830 | D:13     | Noticed a two-headed ogre
 14830 | D:13     | Noticed a five-headed hydra
 14831 | D:13     | Noticed a boulder beetle
 14900 | D:12     | Killed a five-headed hydra
 15195 | Lair:1   | Entered Level 1 of the Lair of Beasts
 15599 | Lair:1   | Noticed a seven-headed hydra
 15607 | Lair:1   | Killed a seven-headed hydra
 15890 | Lair:1   | Noticed Nergalle
 15899 | Lair:1   | Killed Nergalle
 16301 | Lair:2   | You fall into a shaft and drop 1 floor!
 16355 | Lair:3   | You fall into a shaft and drop 2 floors!
 16379 | Lair:6   | Entered Level 6 of the Lair of Beasts
 16695 | Lair:5   | Noticed Josephine
 16711 | Lair:5   | Killed Josephine
 16712 | Lair:5   | Reached XP level 13. HP: 118/125 MP: 19/19
 16956 | Lair:5   | Found a runed translucent gate.
 16957 | Lair:5   | Found a runed translucent gate.
 16958 | Lair:5   | Found a runed translucent gate.
 17036 | Lair:4   | Noticed Sonja
 17065 | Lair:4   | Killed Sonja
 17066 | Lair:4   | Reached skill level 15 in Fighting
 17565 | Lair:2   | Reached skill level 15 in Armour
 17698 | Lair:2   | Found a runed translucent gate.
 17698 | Lair:2   | Found a runed translucent gate.
 17830 | Lair:2   | Found a runed translucent gate.
 17831 | Lair:2   | Noticed diceflayer's ghost (journeyman MiFi)
 17832 | Lair:2   | Noticed hurston's ghost (journeyman GrFi)
 17954 | Lair:2   | Found a hole to the Spider Nest.
 18377 | Lair:3   | Reached ****** piety under Lugonu
 18582 | Lair:3   | Found a staircase to the Shoals.
 18660 | Lair:3   | Identified a scroll of acquirement
 18661 | Lair:3   | Acquired a +2 buckler of protection
 19151 | Lair:3   | Reached skill level 1 in Shields
 19772 | Lair:4   | Found a runed translucent gate.
 19772 | Lair:4   | Found a runed translucent gate.
 19773 | Lair:4   | Found a runed translucent gate.
 19773 | Lair:4   | Noticed othur's ghost (journeyman GrFi)
 19773 | Lair:4   | Noticed Nubia's ghost (journeyman GnEn)
 19773 | Lair:4   | Noticed Fifowuza's ghost (journeyman DrTm)
 19774 | Lair:4   | Found the +3 sling "Punk" {acid, rCorr}
 19774 | Lair:4   | Noticed Vufrucs's ghost (journeyman DrTm)
 19775 | Lair:4   | Noticed Laummuim's ghost (journeyman FeFi)
 20086 | Lair:5   | Noticed Kuotac's ghost (journeyman TrBe)
 20466 | Lair:6   | Reached XP level 14. HP: 123/135 MP: 21/21
 20918 | Lair:6   | Identified the +4 broad axe of the Wraith {freeze, Will+
                  | Dex+4}
 21356 | Lair:6   | Identified the +3 ring mail of the Prince of Darkness {rC+
                  | Str-3 Dex+3}
 21729 | Lair:6   | Found a staircase to the Slime Pits.
 21729 | Lair:6   | Found a viscous altar of Jiyva.
 22231 | D:13     | Reached skill level 10 in Evocations
 22407 | D:13     | Found Xelyfowkiu's Jewellery Shoppe.
 22794 | D:14     | Noticed Kirke
 22968 | D:14     | Slain by a vault guard

Illustrated notes

Levels and vault maps discovered:
D:1:      dpeg_chamrin_arrival_tetris, layout_basic,
          ebering_ecumenical_altar_mist, minmay_close_crescents
D:2:      minmay_general_purpose_star, layout_loops_ring, serial_shops,
          nicolae_shop_waterfront, skrybe_limestone_x, minmay_rat_gold_closets
D:3:      layout_rooms
D:4:      layout_basic, minmay_temple_entry_statues_pillars,
          hangedman_decor_lopped
D:5:      layout_loops_ring, lemuel_coloured_pillars_altar,
          mainiacjoe_overflow_catwalk, amcnicky_mini_rare_corridor_liquid,
          st_stairs_13
D:6:      layout_basic, mainiacjoe_overflow_alcove_1
D:7:      lemuel_ice_statue, layout_rooms, vehumet_statue, serial_shops,
          nicolae_shop_behind_doors
D:8:      layout_basic
D:9:      layout_loops_corners, mainiacjoe_overflow_chevrons,
          minmay_lair_entry_grove, serial_aquarium, aquarium_bridge_square
          [aquarium_subvault_bridge, aquarium_subvault_wall,
          aquarium_subvault_wall, aquarium_subvault_window], aquarium_window_1,
          aquarium_window_corner, aquarium_window_1, aquarium_window_double,
          aquarium_view_2e, aquarium_view_2c, guppyfry_shop_venom
D:10:     layout_stronghold, mainiacjoe_overflow_divided_tiny, erik_orc_4
D:11:     layout_roguey
D:12:     layout_roguey, portal_ice_cave_demonic_guard, uniq_urug
D:13:     layout_cave_pools, serial_shops, nicolae_diamond_shop
D:14:     minmay_nested_s, layout_basic, ximxim_vaults_locker_room, uniq_kirke
Lair:1:   layout_gridlike, ldierk_geyser, chequers_serial_rivers_small_b,
          uniq_nergalle
Lair:2:   layout_chaotic_city, nicolae_spider_entry_orb_guardian,
          gammafunk_ghost_cemetery, minivault_26
Lair:3:   layout_regular_city, minmay_shoals_entry_lonely_mermaid, st_stairs_7,
          gammafunk_lair_bear_cave, grunt_megastairs_5
Lair:4:   layout_cave_pods, gammafunk_ghost_cemetery, grunt_megastairs_2,
          uniq_sonja
Lair:5:   layout_cave_pods, gammafunk_ghost_necromancy,
          grunt_forest_small_clearing_treed, uniq_josephine
Lair:6:   due_jungle_book, layout_small_grid, slime_altar_1

Skill      XL: |  1  2  3  4  5  6  7  8  9 10 11 12 13 14 |
---------------+-------------------------------------------+-----
Fighting       | 4 5 6 7 8 12 14 15 | 15.0
Armour         | 3 5 6 9 10 13 15 | 15.0
Short Blades   | 5 9 |  9.8
Invocations    | 2 6 10 11 13 | 13.4
Evocations     | 2 6 7 10 | 10.0
Shields        | 4 |  4.0
Long Blades    | |  2.4
Dodging        | |  1.1

Action                   |  1- 3 |  4- 6 |  7- 9 | 10-12 | 13-15 || total
-------------------------+-------+-------+-------+-------+-------++-------
Melee: Falchion          |    41 |       |       |       |       ||    41
       Headbutt          |    11 |     7 |    45 |   153 |   233 ||   449
       Dagger            |    52 |    77 |   281 |   636 |   726 ||  1772
       Unarmed           |       |       |       |       |    14 ||    14
Throw: Dart              |       |       |       |    34 |       ||    34
Invok: Depart the Abyss  |     1 |       |       |       |       ||     1
       Banish            |       |       |       |       |     1 ||     1
Evoke: Wand              |       |       |       |     2 |     3 ||     5
  Use: Scroll            |       |     3 |     7 |    13 |     8 ||    31
       Potion            |       |       |       |     2 |     1 ||     3
Armor: Leather armour    |    26 |    13 |     2 |       |       ||    41
       Chain mail        |       |       |    84 |   301 |   367 ||   752
Dodge: Dodged            |    66 |    30 |    77 |   167 |   236 ||   576
Block: Buckler           |       |       |       |       |   114 ||   114
       Rpst.: Falchion   |    10 |       |       |       |       ||    10
